 Dungeon Crawl Stone Soup version 0.19.5 (webtiles) character file.

250 Zhenya24pyc the Cudgeler (level 6, 0/37 HPs)
             Began as a Gargoyle Fighter on Apr 8, 2017.
             Slain by an orc wizard
             ... wielding a +0 dagger
              (3 damage)
             ... on level 3 of the Dungeon.
             The game lasted 00:03:56 (1593 turns).

Zhenya24pyc the Cudgeler (Gargoyle Fighter)         Turns: 1593, Time: 00:03:57

Health: 0/37       AC: 13    Str: 21    XL:     6   Next: 13%
Magic:  6/6        EV:  7    Int:  8    God:
Gold:   143        SH:  9    Dex: 10    Spells: 0 memorised, 5 levels left

rFire  x . .     SeeInvis .     a - +0 flail
rCold  + . .     Gourm    .     b - +0 scale mail
rNeg   + . .     Faith    .     c - +0 shield
rPois  ∞         Spirit   .     t - +0 helmet
rElec  +         Reflect  .     (no cloak)
rCorr  .         Harm     .     n - +0 pair of gloves
MR     .....                    (no boots)
Stlth  ..........               (no amulet)
                                (no ring)
                                q - ring of ice

@: no status effects
A: negative energy resistance 1, electricity resistance, unbreathing,
petrification resistance, rot immunity, AC +4
a: no special abilities


You were on level 3 of the Dungeon.
You were hungry.

You visited 1 branch of the dungeon, and saw 3 of its levels.

You collected 143 gold pieces.

Inventory:

Hand Weapons
 a - a +0 flail (weapon)
Armour
 b - a +0 scale mail (worn)
 c - a +0 shield (worn)
 n - a +0 pair of gloves (worn)
 t - a +0 helmet (worn)
Jewellery
 q - a ring of ice (left hand)
 r - an uncursed ring of wizardry {unknown}
Scrolls
 e - a scroll of magic mapping {unknown}
 m - a scroll of identify {unknown}
 o - a scroll of noise {unknown}
 v - a scroll of teleportation {unknown}
Potions
 d - a potion of might
 i - a potion of curing {unknown}
 j - a potion of mutation {unknown}
 k - 2 potions of heal wounds {unknown}
 l - a potion of ambrosia {unknown}
 p - a potion of resistance {unknown}
 s - a potion of invisibility {unknown}
 u - 2 potions of brilliance {unknown}
 w - a potion of cancellation {unknown}
Comestibles
 f - 2 bread rations
 g - 3 meat rations
 h - 2 fruits


   Skills:
 - Level 3.2 Fighting
 * Level 6.2 Maces & Flails
 - Level 3.2 Armour
 - Level 3.2 Shields


You had 5 spell levels left.
You didn't know any spells.

Dungeon Overview and Level Annotations

Branches:
Dungeon (3/15)

Altars:
The Shining One


Innate Abilities, Weirdness & Mutations

You are resistant to torment.
Your stone body is resilient. (AC +4)
You are immune to poison.
You resist negative energy. (rN+)
You are resistant to electric shocks. (rElec)
You can survive without breathing.
You are immune to petrification.
You are immune to rotting.


Message History

* * * LOW HITPOINT WARNING * * *
You miss something. Something hits you but does no damage.
You closely miss something. Something hits you but does no damage.
You miss something.
You hear some strange, mumbled words.
Something tries to affect you, but you resist.
You barely miss something. Something hits you but does no damage.
You closely miss something.
Something hits you but does no damage. x2
You miss something. Something hits you but does no damage.
You closely miss something. Something hits you.
* * * LOW HITPOINT WARNING * * *
You miss something. You block something's attack.
Your shield and scale mail prevent you from hitting something.
You hear some strange, mumbled words.
A magic dart appears from out of thin air!
The magic dart hits you!
You miss something. Something hits you but does no damage.
You miss something. You block something's attack.
You miss something. Something hits you.
You die...

### #.. ########### #.#
#..o{@....# ##.##
#.#######.# ##...##
...o.......# #.# ##[....##
...........####.####.......#
######.%##..................
.?....####.####..†....#
#.#.# # #.# ##.....## #%#.#
### ##...## #.#.# ##.##


You could see an orc.

Vanquished Creatures
  The ghost of Beliam44 the Skirmisher, an amateur HOMo of Makhleb (D:3)
  An orc wizard (D:3)
  Robin (D:2)
  2 adders
  An ooze (D:1)
  A dart slug (D:1)
  A leopard gecko (D:3)
  3 orcs (D:3)
  5 giant cockroaches (D:1)
  12 goblins
  9 hobgoblins
  6 jackals
  3 bats (D:1)
  2 frilled lizards (D:1)
  A jackal skeleton (D:3)
  6 kobolds
  5 rats
60 creatures vanquished.

Notes
Turn   | Place    | Note
-------+----------+-------------------------------------------
     0 | D:1      | Zhenya24pyc the Gargoyle Fighter began the quest for the Orb.
     0 | D:1      | Reached XP level 1. HP: 14/14 MP: 1/1
    24 | D:1      | Reached XP level 2. HP: 13/19 MP: 2/2
   168 | D:1      | Reached skill level 3 in Maces & Flails
   294 | D:1      | Reached XP level 3. HP: 21/23 MP: 3/3
   735 | D:2      | Noticed Robin
   744 | D:2      | Reached skill level 4 in Maces & Flails
   776 | D:2      | Killed Robin
   776 | D:2      | Reached XP level 4. HP: 14/28 MP: 4/4
  1134 | D:2      | Found a glowing golden altar of the Shining One.
  1302 | D:3      | Noticed Beliam44's ghost (amateur HOMo)
  1325 | D:3      | Killed Beliam44's ghost
  1325 | D:3      | Reached skill level 6 in Maces & Flails
  1325 | D:3      | Reached XP level 5. HP: 18/32 MP: 5/5
  1325 | D:3      | Reached XP level 6. HP: 21/37 MP: 6/6
  1593 | D:3      | Slain by an orc wizard

Skill      XL: |  1  2  3  4 |
---------------+-------------+-----
Maces & Flails | 3 4 6 |  6.2
Fighting       | |  3.2
Armour         | |  3.2
Shields        | |  3.2

Action                   |  1- 3 |  4- 6 || total
-------------------------+-------+-------++-------
Melee: Flail             |   144 |   155 ||   299
  Eat: Chunk             |       |     2 ||     2
Armor: Scale mail        |    91 |   126 ||   217
Dodge: Dodged            |    37 |    56 ||    93
Block: Shield            |    87 |    86 ||   173
